 Dungeon Crawl Stone Soup version 0.28.0-47-ge53b351184 (webtiles) character file.

Game seed: 9550526389190611084

11561 CryoSword the Arsonist (level 11, -28/79 HPs)
             Began as a Demigod Fire Elementalist on May 5, 2022.
             Killed from afar by a tengu conjurer (30 damage)
             ... with a bolt of lightning
             ... on level 9 of the Dungeon.
             The game lasted 00:20:47 (14449 turns).

CryoSword the Arsonist (Demigod Fire Elementalist) Turns: 14449, Time: 00:20:47

Health: -28/79     AC:  9    Str: 13    XL:     11   Next: 26%
Magic:  23/23      EV: 11    Int: 28    God:
Gold:   1697       SH:  0    Dex: 14    Spells: 14/21 levels left

rFire   + . .      SeeInvis +   w - staff of conjuration
rCold   + . .      Faith    .   (no shield)
rNeg    . . .      Spirit   .   F - +2 leather armour {rC+}
rPois   .          Reflect  .   p - +0 helmet
rElec   .          Harm     .   k - +0 cloak
rCorr   .          Rampage  .   D - +1 pair of gloves of Sirib {rF+ Int+3}
Will    +....                   (no boots)
Stlth   ++++......              H - amulet of magic regeneration
HPRegen 0.23/turn               i - ring of wizardry
MPRegen 0.58/turn               C - ring of see invisible

@: marked, flying, hasted, studying Stealth, very quick
A: high MP 1, forlorn, divine attributes, fangs 1, frail 1, MP-powered wands
a: no special abilities


You were on level 9 of the Dungeon.
You visited 1 branch of the dungeon, and saw 9 of its levels.
You also visited: Bailey.

You collected 1697 gold pieces.

Inventory:

Missiles
 u - a curare-tipped dart (quivered)
Armour
 k - a +0 cloak (worn)
   (You took it off Crazy Yiuf on level 4 of the Dungeon)
 p - a +0 helmet (worn)
   (You found it on level 5 of the Dungeon)
 D - the +1 pair of gloves of Sirib (worn) {rF+ Int+3}
   (You found it in a bailey)

   Int:       It affects your intelligence (+3).
   rF:        It protects you from fire.
 F - a +2 leather armour of cold resistance (worn)
   (You found it in a bailey)
Magical Staves
 w - a staff of conjuration (weapon)
   (You found it on level 1 of the Dungeon)
Jewellery
 i - a ring of wizardry (left hand)
   (You found it on level 4 of the Dungeon)
 C - a ring of see invisible (right hand)
   (You found it on level 9 of the Dungeon)
 H - an amulet of magic regeneration (around neck)
   (You found it on level 9 of the Dungeon)
Wands
 c - a wand of flame (22)
   (You found it on level 4 of the Dungeon)
 e - a wand of charming (9)
   (You took it off Maurice on level 8 of the Dungeon)
 z - a wand of mindburst (19)
   (You took it off Maggie on level 8 of the Dungeon)
 A - a wand of acid (8)
   (You found it on level 9 of the Dungeon)
Scrolls
 g - a scroll of noise {unknown}
 j - 2 scrolls of enchant armour {unknown}
 m - a scroll of holy word {unknown}
 n - a scroll of teleportation {@r4}
 q - a scroll of silence
 v - a scroll of immolation {unknown}
 y - a scroll of blinking {unknown}
Potions
 b - 2 potions of berserk rage {unknown}
 d - a potion of ambrosia {unknown}
 h - 2 potions of haste {@q3}
 l - 2 potions of flight
 o - 2 potions of curing {@q1}
 s - a potion of resistance {unknown}
 t - 2 potions of brilliance
 x - 3 potions of might
 B - 2 potions of invisibility
 G - a potion of attraction {unknown}


   Skills:
 + Level 5.5 Fighting
 + Level 5.4 Staves
 - Level 1.7 Dodging
 + Level 8.7 Stealth
 + Level 5.6 Spellcasting
 * Level 8.4 Conjurations
 * Level 8.8 Fire Magic
 - Level 4.3 Evocations


You had 14 spell levels left.
You knew the following spells:

 Your Spells              Type           Power      Damage    Failure   Level
a - Foxfire               Conj/Fire      100%       2x1d9     1%          1
b - Scorch                Fire           100%       2d10      1%          2
c - Flame Wave            Conj/Fire      71%        2d13      1%          4

Your spell library contained the following spells:

 Spells                   Type           Power      Damage    Failure   Level
 Conjure Flame            Conj/Fire      71%        6-21      1%          3
 Inner Flame              Hex/Fire       32%        N/A       1%          3
 Ensorcelled Hibernation  Hex/Ice        14%        N/A       4%          2
 Passwall                 Tmut/Erth      5%         N/A       4%          2
 Swiftness                Air            7%         N/A       10%         3
 Summon Forest            Summ/Tloc      3%         N/A       63%         5
 Eringya's Noxious Bog    Tmut/Pois      3%         N/A       99%         6
 Summon Hydra             Summ           3%         N/A       100%        7


Dungeon Overview and Level Annotations

Branches:
Dungeon (9/15)             Temple (0/1) D:6          Bailey (visited)
   Lair: D:8-11         Orc: D:9-12


Innate Abilities, Weirdness & Mutations

You have an increased reservoir of magic. (+10% MP)
You shall have no god before yourself.
Your divine heritage dramatically boosts your attributes as you level up.
You have very sharp teeth.
You are frail. (-10% HP)
You expend magic power (3 MP) to strengthen your wands.


Message History

The flame wave engulfs the six-headed hydra!!
The six-headed hydra is burned terribly! (Press . to intensify the flame waves.)
The six-headed hydra bites you. x2; The six-headed hydra misses you.
The six-headed hydra closely misses you.
The six-headed hydra completely misses you.
The six-headed hydra bites you.
A wave of flame ripples out!
The flame wave engulfs the six-headed hydra!!
The six-headed hydra is burned terribly!
You kill the six-headed hydra!
A wave of flame ripples out!
You finish channelling waves of flame.
A wight comes into view. It is wielding a +0 great sword.
A wight is nearby!
A wight is nearby!
A wight is nearby!
Found a stone staircase leading down.
You feel a surge of power!
You conjure some foxfire!
Nothing appears to happen.
The foxfire hits the wight.
The foxfire hits the wight but does no damage.
You feel a surge of power!
You conjure some foxfire!
Flames lash the wight.
The wight's fire resistance burns away.
The foxfire hits the wight but does no damage. x2
You feel a surge of power!
You conjure some foxfire!
Flames lash the wight.
The wight is burned terribly!
You destroy the wight!
Things that are here:
a +0 great sword; a +0 robe
Found a ring mail.
You see here a +0 ring mail.
A gnoll comes into view. It is wielding a +0 spear.
Found a stone staircase leading down.
A gnoll is nearby!
A gnoll is nearby!
A gnoll is nearby!
A gnoll sergeant comes into view. It is wielding a +3 vorpal trident.
The gnoll shouts!
A gnoll comes into view. It is wielding a +0 spear.
A gnoll comes into view. It is wielding a +0 whip.
You feel a surge of power!
You conjure some foxfire!
The gnoll sergeant shouts!
The gnoll shouts! x2
Harold the Weathered comes into view.
He is wielding a +0 dire flail.
You feel a surge of power!
You conjure some foxfire!
The foxfire hits the gnoll but does no damage.
Flames lash the gnoll.
The gnoll's fire resistance burns away.
The foxfire hits the gnoll. x2; The gnoll is burned terribly!
The foxfire hits the gnoll.
The gnoll hits you from afar with a +0 spear.
You feel a surge of power!
You conjure some foxfire!
The gnoll hits you from afar with a +0 spear.
Flames lash the gnoll.
The gnoll is burned terribly!
You kill the gnoll!
The foxfire hits the gnoll sergeant but does no damage.
The foxfire hits the gnoll sergeant.
Harold shouts, "Can you die now?
I had plans for the rest of the day!"
You feel a surge of power!
You conjure some foxfire!
The gnoll sergeant hits you from afar with a +3 vorpal trident!
Flames lash Harold.
Harold's fire resistance burns away.
The foxfire hits the gnoll sergeant. x2; The gnoll sergeant closely misses you.
The gnoll barely misses you.
You feel a surge of power!
You conjure some foxfire!
The gnoll sergeant misses you. The gnoll barely misses you.
Harold says, "My wife will appreciate not having to wash blood out of my clothes anymore."
Flames lash the gnoll sergeant.
The gnoll sergeant's fire resistance burns away.
The foxfire hits the gnoll.
The foxfire hits the gnoll but does no damage.
The gnoll sergeant hits you from afar with a +3 vorpal trident!
The gnoll hits you from afar with a +0 spear.
The gnoll hits you with a +0 whip.
Harold is no longer more vulnerable to fire.
The gnoll sergeant falls through a shaft!
The shaft crumbles and collapses.
Harold says, "Do you have any idea what people are willing to pay to have you killed, CryoSword?"
You see here a +0 ring mail.
You hit the gnoll. You bite the gnoll. The gnoll hits you but does no damage.
You hit the gnoll. The gnoll hits you with a +0 whip.
You hit the gnoll.
You blast the gnoll.
You kill the gnoll!
You hit the gnoll.
You blast the gnoll.
Your bite misses the gnoll. The gnoll closely misses you.
Flames lash the gnoll.
You kill the gnoll!
Flames lash Harold.
Harold's fire resistance burns away.
Harold hits you with a +0 dire flail!
* * * LOW HITPOINT WARNING * * *
You feel a surge of power!
A wave of flame ripples out!
The flame wave engulfs Harold!
Harold is burned terribly! (Press . to intensify the flame waves.) Harold barely misses you.
A wave of flame ripples out!
The flame wave engulfs Harold!
Harold is burned terribly!
Harold hits you with a +0 dire flail.
* * * LOW HITPOINT WARNING * * *
A wave of flame ripples out!
The flame wave engulfs Harold.
Harold is burned terribly!
You finish channelling waves of flame.
Harold is no longer more vulnerable to fire.
Harold casts a spell at you.
You barely resist.
Here: Harold, wielding a +0 dire flail, wearing a +0 chain mail and quivering 2 throwing nets (moderately wounded)
Items here: a +0 spear; a +0 whip; a gnoll corpse.
The floor.
Flames lash Harold.
Harold's fire resistance burns away.
Harold hits you with a +0 dire flail.
* * * LOW HITPOINT WARNING * * *
Throw: throwing net
Aim: Harold, wielding a +0 dire flail, wearing a +0 chain mail and quivering 2 throwing nets (heavily wounded, more vulnerable to fire, 75% to hit)
You throw a throwing net. The throwing net hits Harold.
Harold is caught in the net!
Harold pauses a moment, imagining something with a smile on his face.
Harold struggles against the net.
You strike the helpless Harold from behind!
You hit Harold.
You blast Harold.
You bite Harold, but do no damage.
Harold struggles against the net.
You catch the helpless Harold completely off-guard!
You hit Harold.
Harold points at you and mumbles some strange words.
A sentinel's mark forms upon you.
Harold struggles against the net.
You hit Harold but do no damage. You hit Harold but do no damage.
You bite Harold, but do no damage.
You catch the helpless Harold completely off-guard!
You hit Harold.
You blast Harold.
Your bite misses Harold.
Harold is no longer more vulnerable to fire.
Harold struggles against the net.
Flames lash Harold.
Harold's fire resistance burns away.
Harold struggles against the net.
The net rips apart, and Harold comes free!
Flames lash Harold.
Harold is burned terribly!
Harold hits you with a +0 dire flail!!
* * * LOW HITPOINT WARNING * * *
Flames lash Harold.
Harold is burned terribly!
You kill Harold!
Harold groans, "My... family..." and then collapses, dead.
You start resting.
You start resting.
A tengu conjurer is nearby!
Okay, then.
Here: a tengu conjurer, wielding a +0 dagger and wearing a +0 buckler
Items here: ( ))) [ †.
The floor, spattered with blood.
It was a potion of flight.
You feel very buoyant.
You fly up into the air.
The tengu conjurer casts a spell at you.
The bolt of lightning hits you!
* * * LOW HITPOINT WARNING * * *
It was a potion of haste.
You feel yourself speed up.
The tengu conjurer gestures at you while chanting.
The bolt of lightning hits you!!
You die...

### .########Q####
.....)@..#@..##
.......g.##...##
.........####..###
.....>...# ##...##
.........# ###..##
.....###.# ##..###
....# ### ###..##
.... ##.....## ..
###.......##


You could see a tengu conjurer.

Vanquished Creatures
  Harold (D:9)
  A hydra (D:9)
  A centaur warrior (D:9)
  A tengu warrior (D:9)
  Pikel (D:8)
  An ugly thing (D:9)
  A manticore (D:9)
  Maurice (D:8)
  A gargoyle (Bailey)
  Maggie (D:8)
  Grinder (D:5)
  2 hornets (D:9)
  2 slime creatures
  A shadow (D:9)
  A wraith (D:8)
  A wyvern (D:9)
  8 yaks
  2 steam dragons (D:7)
  A vampire (Bailey)
  Menkaure (D:4)
  2 water moccasins
  An orc warrior (D:9)
  An ice beast (D:7)
  A sky beast (D:6)
  3 black bears
  3 centaurs (D:9)
  3 necrophages
  A phantom (D:6)
  4 lemures (D:8)
  A kobold brigand (D:7)
  3 bullfrogs
  A scorpion (D:5)
  3 killer bees (D:9)
  10 wights
  7 vampire bats (Bailey)
  2 howler monkeys
  7 wolf zombies (Bailey)
  3 bullfrog zombies
  5 hounds
  2 orc priests
  7 centaur zombies
  A bullfrog skeleton (D:6)
  2 gnoll shamans
  Crazy Yiuf (D:4)
  Ijyb (D:4)
  Natasha (twice) (D:4)
  2 orc wizards
  2 hound skeletons (D:4)
  3 mummies (D:7)
  2 howler monkey zombies
  9 adders
  14 gnolls
  A howler monkey skeleton (D:7)
  3 white imps
  A worm (D:4)
  2 dart slugs
  20 orcs
  3 endoplasms
  A giant cockroach (D:1)
  6 goblins
  5 hobgoblins
  4 jackals (D:2)
  6 kobolds
  3 quokkas
  4 ball pythons
  7 bats
  3 frilled lizards
  19 orc zombies (Bailey)
  3 rats
230 creatures vanquished.

Vanquished Creatures (collateral kills)
  A foxfire (D:5)
1 creature vanquished.

Vanquished Creatures (others)
  561 foxfires
  12 plants
  A withered plant (D:7)
574 creatures vanquished.

Grand Total: 805 creatures vanquished

Notes
Turn   | Place    | Note
-------+----------+-------------------------------------------
     0 | D:1      | CryoSword the Demigod Fire Elementalist began the quest for
                  | the Orb.
     0 | D:1      | Reached XP level 1. HP: 14/14 MP: 5/5
   156 | D:1      | Reached skill level 1 in Conjurations
   627 | D:1      | Reached XP level 2. HP: 18/20 MP: 4/7
   683 | D:1      | Learned a level 2 spell: Scorch
  1456 | D:2      | Reached XP level 3. HP: 26/26 MP: 0/8
  2509 | D:3      | Reached XP level 4. HP: 34/34 MP: 6/9
  2661 | D:3      | Identified a scroll of acquirement
  2661 | D:3      | Acquired 1221 gold pieces
  3178 | D:4      | Noticed a necrophage
  3323 | D:4      | Reached skill level 1 in Fighting
  3485 | D:4      | Reached skill level 1 in Staves
  3485 | D:4      | Reached skill level 1 in Evocations
  3485 | D:4      | Reached XP level 5. HP: 37/40 MP: 5/11
  3495 | D:4      | Killed a necrophage
  3603 | D:4      | Noticed Natasha
  3608 | D:4      | Killed Natasha
  3748 | D:4      | Reached XP level 6. HP: 39/47 MP: 5/12
  3873 | D:4      | Found a runed translucent door.
  3874 | D:4      | Noticed Crazy Yiuf
  3965 | D:4      | Noticed Ijyb
  4008 | D:4      | Paralysed by Ijyb for 6 turns
  4024 | D:4      | Gained mutation: You are frail. (-10% HP) [potion of
                  | mutation]
  4024 | D:4      | Gained mutation: You expend magic power (3 MP) to
                  | strengthen your wands. [potion of mutation]
  4024 | D:4      | Gained mutation: You have very sharp teeth. [potion of
                  | mutation]
  4028 | D:4      | Killed Ijyb
  4121 | D:4      | Learned a level 4 spell: Flame Wave
  4146 | D:4      | Noticed Natasha
  4151 | D:4      | Killed Natasha
  4278 | D:4      | Noticed Menkaure
  4307 | D:4      | Killed Menkaure
  4646 | D:4      | Killed Crazy Yiuf
  4729 | D:5      | Entered Level 5 of the Dungeon
  4737 | D:4      | Reached XP level 7. HP: 46/49 MP: 5/14
  5001 | D:5      | Noticed a yak
  5005 | D:5      | Noticed a yak
  5007 | D:5      | Killed a yak
  5007 | D:5      | Noticed a yak
  5041 | D:4      | Killed a yak
  5042 | D:4      | Reached skill level 5 in Fire Magic
  5146 | D:5      | Killed a yak
  5435 | D:5      | Noticed Grinder
  5449 | D:5      | Reached XP level 8. HP: 55/55 MP: 11/16
  5784 | D:5      | Killed Grinder
  6273 | D:5      | Reached skill level 5 in Conjurations
  6873 | D:6      | Found a staircase to the Ecumenical Temple.
  7044 | D:6      | Reached skill level 5 in Stealth
  7767 | D:7      | Reached XP level 9. HP: 53/63 MP: 3/18
  9461 | D:8      | Noticed Pikel
  9474 | D:8      | Killed Pikel
  9854 | D:8      | Noticed Maggie
  9863 | D:8      | Killed Maggie
  9877 | D:8      | Found a flagged portal.
  9891 | Bailey   | Entered a bailey
 10311 | Bailey   | Reached XP level 10. HP: 62/71 MP: 13/20
 11395 | Bailey   | Identified the +0 chain mail of the End {Dex+5}
 11450 | Bailey   | Identified the +1 pair of gloves of Sirib {rF+ Int+3}
 11458 | Bailey   | Identified the +1 helmet of the Constellations {rN+++ Will-
                  | Int+3}
 11568 | D:8      | Noticed Maurice
 11573 | D:8      | Killed Maurice
 12011 | D:8      | Reached skill level 5 in Spellcasting
 12611 | D:9      | Identified the +1 leather armour of the Turtle {Dex+8}
 13248 | D:9      | Noticed a centaur warrior
 13256 | D:9      | Killed a centaur warrior
 13257 | D:9      | Reached skill level 5 in Fighting
 13257 | D:9      | Reached skill level 5 in Staves
 13583 | D:9      | Noticed a six-headed hydra
 13584 | D:9      | Noticed a manticore
 13588 | D:9      | Noticed a white ugly thing
 13589 | D:9      | Noticed a tengu warrior
 13764 | D:9      | Killed a white ugly thing
 13765 | D:9      | Reached XP level 11. HP: 38/79 MP: 12/22
 13992 | D:9      | Killed a tengu warrior
 14238 | D:9      | Killed a six-headed hydra
 14392 | D:9      | Noticed Harold
 14421 | D:9      | Killed Harold
 14448 | D:9      | HP: 2/79 [tengu conjurer/bolt of lightning (10)]
 14449 | D:9      | Killed from afar by a tengu conjurer

Illustrated notes

Levels and vault maps discovered:
D:1:      eino_arrival_water_star, layout_basic,
          chequers_ecumenical_altar_simple_redux
D:2:      layout_basic, basic_altar, hangedman_decor_peaks_small
D:3:      layout_basic, grunt_temple_overflow_open, mainiacjoe_overflow_catwalk
D:4:      layout_cave_pools, mainiacjoe_overflow_swirl, grunt_ministairs_11,
          serial_bayou_crossing, uniq_natasha, uniq_crazy_yiuf_cottage,
          uniq_ijyb, uniq_menkaure
D:5:      layout_basic, cheibrodos_gnoll_hut, uniq_grinder
D:6:      layout_gridville, minmay_temple_entry_ruins
D:7:      layout_basic, serial_undead, serial_undead_a, serial_undead_f,
          serial_undead_b, serial_undead_a
D:8:      layout_loops_ring, enter_bailey_7, uniq_pikel, uniq_maurice,
          uniq_maggie
D:9:      minmay_the_grid_plus_closed [minmay_the_grid_outer_circle,
          minmay_the_grid_holed_spiral, minmay_the_grid_tiny_cups,
          minmay_the_grid_garden, minmay_the_grid_prize_four_corners],
          layout_cave_pods, tgw_sif, minmay_misc_feat_five, uniq_harold

Skill      XL: |  1  2  3  4  5  6  7  8  9 10 11 |
---------------+----------------------------------+-----
Conjurations   | 1 2 3 4 5 6 7 8 |  8.4
Fire Magic     | 3 4 5 6 7 8 |  8.8
Spellcasting   | 2 3 4 5 |  5.6
Fighting       | 1 2 3 4 5 |  5.5
Staves         | 1 2 3 4 5 |  5.4
Evocations     | 1 2 3 4 |  4.3
Stealth        | 2 4 5 6 8 |  8.7
Dodging        | |  1.7

Action                   |  1- 3 |  4- 6 |  7- 9 | 10-12 || total
-------------------------+-------+-------+-------+-------++-------
Melee: Short sword       |     6 |       |       |       ||     6
       Unarmed           |     3 |       |       |       ||     3
       Staff             |    18 |    36 |    15 |    34 ||   103
       Bite              |       |     1 |       |     9 ||    10
Throw: Throwing net      |       |       |       |     1 ||     1
 Cast: Foxfire           |    41 |    51 |   126 |   116 ||   334
       Scorch            |    20 |    40 |   128 |    99 ||   287
       Flame Wave        |       |       |     9 |    15 ||    24
  Use: Scroll            |       |     6 |       |     3 ||     9
       Potion            |       |     3 |     1 |     4 ||     8
 Stab: Distracted        |       |       |     1 |       ||     1
       Sleeping          |       |       |       |     1 ||     1
       Held in net/web   |       |       |       |     3 ||     3
Armor: Robe              |    15 |     4 |    14 |       ||    33
       Steam dragon scal |       |       |    16 |       ||    16
       Acid dragon scale |       |       |     3 |    34 ||    37
       Leather armour    |       |       |       |    33 ||    33
Dodge: Dodged            |    43 |    33 |    71 |    87 ||   234
